 Dungeon Crawl Stone Soup version 0.27-a0-1281-ge233d83751 (webtiles) character file.

Game seed: 9469384805588793993

1798 pOrYW the Slinger (level 8, 0/66 HPs)
             Began as a Deep Dwarf Hunter on June 13, 2021.
             Slain by an orc (2 damage)
             ... on level 7 of the Dungeon on June 14, 2021.
             The game lasted 00:49:11 (5906 turns).

pOrYW the Slinger (Deep Dwarf Hunter)               Turns: 5906, Time: 00:49:12

Health: 0/66       AC: 13    Str: 16    XL:     8   Next: 83%
Magic:  6/6        EV: 14    Int: 13    God:
Gold:   414        SH:  0    Dex: 14    Spells: 7/7 levels left

rFire    . . .     SeeInvis .   a - +2 hunting sling
rCold    . . .     Faith    .   (no shield)
rNeg     . . .     Spirit   .   c - +0 leather armour
rPois    .         Reflect  .   (no helmet)
rElec    .         Harm     .   H - +2 cloak
rCorr    .         Rampage  .   (no gloves)
Will     ++...                  j - +2 pair of boots
Stlth    +++.......             F - amulet of magic regeneration
HPRegen  0.00/turn              B - +4 ring of protection
MPRegen  0.35/turn              o - ring of willpower

@: no status effects
A: damage resistance, heal wounds, sense surroundings 1, no regeneration
a: Heal Wounds


You were on level 7 of the Dungeon.
You visited 1 branch of the dungeon, and saw 7 of its levels.
You also visited: Sewer.

You collected 414 gold pieces.

Inventory:

Hand Weapons
 a - a +2 hunting sling (weapon)
 b - a +2 vorpal hand axe
Missiles
 d - 7 sling bullets (quivered ammo)
 e - 4 curare-tipped darts
 f - 143 stones (quivered)
 k - 36 poisoned darts
Armour
 c - a +0 leather armour (worn)
 j - a +2 pair of boots (worn)
 H - a +2 cloak (worn)
Jewellery
 m - a ring of protection from cold
 o - a ring of willpower (right hand)
 y - an amulet of guardian spirit
 B - a +4 ring of protection (left hand)
 F - an amulet of magic regeneration (around neck)
Wands
 I - a wand of flame (6)
Scrolls
 g - 5 scrolls of teleportation
 h - a scroll of summoning {unknown}
 l - a scroll of enchant armour
 n - a scroll of vulnerability {unknown}
 q - a scroll of brand weapon {unknown}
 x - 2 scrolls of magic mapping {unknown}
 C - a scroll of torment {unknown}
 G - a scroll of fear
Potions
 i - 2 potions of cancellation
 p - 2 potions of heal wounds
 r - a potion of mutation {unknown}
 s - a potion of haste {unknown}
 t - 3 potions of might
 u - a potion of degeneration {unknown}
 v - a potion of magic {unknown}
 w - 3 potions of flight
 z - 2 potions of attraction
 A - a potion of ambrosia {unknown}
 D - 3 potions of curing {unknown}
 E - 2 potions of brilliance {unknown}
 J - a potion of berserk rage {unknown}


   Skills:
 - Level 1.7 Fighting
 * Level 9.1 Slings
 + Level 5.9 Dodging
 + Level 6.7 Stealth
 + Level 6.5 Evocations


You had 7 spell levels left.
You didn't know any spells.
Your spell library contained the following spells:

 Spells                   Type           Power      Damage    Failure   Level
 Animate Skeleton         Necr           0%         N/A       36%         1
 Apportation              Tloc           0%         N/A       36%         1
 Corona                   Hex            0%         N/A       36%         1
 Magic Dart               Conj           0%         1d3       36%         1
 Summon Small Mammal      Summ           0%         N/A       36%         1
 Blink                    Tloc           N/A        N/A       50%         2
 Call Imp                 Summ           0%         N/A       50%         2
 Slow                     Hex            0%         N/A       50%         2
 Conjure Flame            Conj/Fire      0%         6-21      75%         3
 Inner Flame              Hex/Fire       0%         N/A       75%         3
 Mephitic Cloud           Conj/Pois/Air  0%         N/A       75%         3
 Portal Projectile        Hex/Tloc       0%         N/A       75%         3
 Cause Fear               Hex            0%         N/A       98%         4
 Leda's Liquefaction      Hex/Erth       0%         N/A       98%         4


Dungeon Overview and Level Annotations

Branches:
Dungeon (7/15)             Temple (0/1) D:4           Sewer (visited)

Altars:
Fedhas
Hepliaklqana
Okawaru
Qazlal
Trog
Vehumet
Yredelemnul

Annotations:
D:7 3 runed translucent doors, bartek7090's ghost, novice OpGl; polve's ghost, novice DsAK


Innate Abilities, Weirdness & Mutations

You are resistant to damage.
You can heal yourself by infusing magical energy.
You passively map a small area around you.
You do not regenerate.


Message History

* * * LOW HITPOINT WARNING * * *
The orc barely misses you. The orc barely misses you.
The orc closely misses you. The orc closely misses you.
The orc hits you but does no damage. The orc barely misses you.
The orc closely misses you. The orc hits you with a +0 flail.
The orc hits you but does no damage. The orc completely misses you.
The orc hits you but does no damage. The orc hits you with a +0 flail.
* * * LOW HITPOINT WARNING * * *
The orc barely misses you. The orc misses you.
The orc hits you but does no damage. The orc barely misses you.
The orc barely misses you. The orc hits you with a +0 flail!
* * * LOW HITPOINT WARNING * * *
The orc hits you but does no damage. The orc completely misses you.
The orc closely misses you. The orc completely misses you.
The orc hits you but does no damage. The orc barely misses you.
The orc barely misses you. The orc hits you but does no damage.
The orc misses you. The orc closely misses you. The orc barely misses you.
The orc completely misses you. The orc misses you. The orc misses you.
The orc barely misses you. The orc misses you. The orc closely misses you.
The orc hits you with a +0 flail.
You die...

...............#....#)....###
.......#......##.....)......#####
.......#.....####........#...##.#
.......##.....##.........##......
.......#.####................[.##
...........#..................###
...........#.............#.......
......>......##..........##......
.............#..@................
.................o.....##........
......)......<.........##.#......
.>.........###'###...###.######++
.........<.##...##.........#.W...
...........##...##.##..##.##⌠....
...........##...##...##.#.##P....
...........##...##.........#$....
#..........##.).##...##..#.##8...


You could see an orc.

Vanquished Creatures
  2 water moccasins (D:6)
  A sky beast (D:6)
  An orc warrior (D:7)
  2 ice beasts
  2 necrophages
  A centaur (D:7)
  A kobold brigand (Sewer)
  2 bullfrogs
  2 scorpions
  A water moccasin skeleton (D:5)
  A hound (D:5)
  A jelly (D:4)
  A gnoll shaman (D:5)
  A bullfrog skeleton (D:6)
  2 centaur skeletons
  3 iguanas
  An orc wizard (D:7)
  A scorpion zombie (D:5)
  A howler monkey zombie (D:7)
  10 gnolls
  3 adders
  2 river rats (Sewer)
  4 white imps
  4 ufetubi
  An adder skeleton (D:4)
  A worm (D:2)
  2 dart slugs (D:1)
  14 orcs
  An endoplasm (D:4)
  9 giant cockroaches
  2 hobgoblins
  2 jackals
  3 quokkas
  12 ball pythons
  3 bats (D:1)
  4 frilled lizards
  8 goblins
  5 kobolds
  8 rats
125 creatures vanquished.

Vanquished Creatures (others)
  9 plants
  6 withered plants (D:7)
15 creatures vanquished.

Grand Total: 140 creatures vanquished

Notes
Turn   | Place    | Note
-------+----------+-------------------------------------------
     0 | D:1      | pOrYW the Deep Dwarf Hunter began the quest for the Orb.
     0 | D:1      | Reached XP level 1. HP: 19/19 MP: 1/1
    95 | D:1      | Reached skill level 1 in Evocations
    95 | D:1      | Reached XP level 2. HP: 26/26 MP: 2/2
   329 | D:1      | Reached XP level 3. HP: 30/32 MP: 3/3
   834 | D:2      | Reached skill level 5 in Slings
   978 | D:2      | Noticed a scorpion
   987 | D:2      | Killed a scorpion
   988 | D:2      | Reached XP level 4. HP: 32/39 MP: 4/4
  1085 | D:2      | Found a faded altar of an unknown god.
  1729 | D:3      | Found a basalt altar of Yredelemnul.
  1884 | D:3      | Reached XP level 5. HP: 36/45 MP: 5/5
  2365 | D:4      | Found a blossoming altar of Fedhas.
  2456 | D:4      | Found a staircase to the Ecumenical Temple.
  2522 | D:4      | Noticed a necrophage
  2538 | D:4      | Killed a necrophage
  2539 | D:4      | Reached skill level 6 in Slings
  2576 | D:4      | Reached XP level 6. HP: 35/52 MP: 6/6
  2825 | D:4      | Identified the ring "Wufrad" {Ice Int+6 Slay-2}
  3137 | D:5      | Entered Level 5 of the Dungeon
  3218 | D:5      | Found a glowing drain.
  3265 | Sewer    | Entered a sewer
  3404 | Sewer    | Found a white marble altar of Elyvilon.
  3514 | D:5      | Reached XP level 7. HP: 34/58 MP: 7/7
  3523 | D:5      | Found a stormy altar of Qazlal.
  3562 | D:5      | Reached skill level 7 in Slings
  3722 | D:5      | Found a radiant altar of Vehumet.
  3835 | D:5      | Reached skill level 5 in Stealth
  4092 | D:6      | Found a hazy altar of Hepliaklqana.
  4297 | D:6      | Reached skill level 5 in Dodging
  4297 | D:6      | Reached skill level 5 in Evocations
  4297 | D:6      | Reached XP level 8. HP: 23/66 MP: 8/8
  4435 | D:6      | Reached skill level 8 in Slings
  5411 | D:7      | Reached skill level 9 in Slings
  5671 | D:7      | Found a runed translucent gate.
  5671 | D:7      | Found a runed translucent gate.
  5672 | D:7      | Found a runed translucent gate.
  5673 | D:7      | Noticed bartek7090's ghost (novice OpGl)
  5673 | D:7      | Noticed polve's ghost (novice DsAK)
  5709 | D:7      | Found a bloodstained altar of Trog.
  5711 | D:7      | Found an iron altar of Okawaru.
  5888 | D:7      | HP: 2/66 [orc (7)]
  5906 | D:7      | Slain by an orc

Illustrated notes

Levels and vault maps discovered:
D:1:      denvon_arrival_planthouse, layout_loops_ring
D:2:      layout_loops_cross, hellmonk_ecumenical_altar_blasted,
          kennysheep_boxes
D:3:      layout_basic, lemuel_tele_altar
D:4:      wander_river, layout_gridville, nicolae_overflow_crystal_walls,
          temple_fountains, kennysheep_opposing_triangles
D:5:      layout_cave_pools, fiery_altar_vehumet, grunt_qazlal_clouds,
          gup_sewer_entry_pipe
D:6:      layout_loops_cross, nicolae_hepliaklqana_hazy_memory,
          serial_co_window_serial, co_window_corner_a, co_window_corner_a,
          co_window_of_opportunity_a, co_window_of_opportunity_a,
          co_window_corner_a, co_window_of_opportunity_a,
          co_window_of_opportunity_a, co_window_corner_b, co_window_cross_3,
          co_window_unsneaky_path_e, co_window_corner_ca, co_window_paths_d,
          glass_columns_a, glass_columns_a, glass_columns_b, glass_columns_a
D:7:      layout_cave_pools, grunt_temple_overflow_bloody_war,
          gammafunk_ghost_cemetery, serial_bayou_pond_b

Skill      XL: |  1  2  3  4  5  6  7  8 |
---------------+-------------------------+-----
Evocations     | 1 2 3 4 5 6 |  6.5
Stealth        | 2 3 4 5 6 |  6.7
Slings         | 5 6 7 9 |  9.1
Dodging        | 3 4 5 |  5.9
Fighting       | |  1.7

Action                   |  1- 3 |  4- 6 |  7- 9 || total
-------------------------+-------+-------+-------++-------
Melee: Short sword       |     8 |       |       ||     8
       Hunting sling     |       |       |     1 ||     1
 Fire: Hunting sling     |    68 |   156 |   287 ||   511
Throw: Dart              |     1 |       |       ||     1
 Abil: Heal Wounds       |       |       |     4 ||     4
  Use: Scroll            |     4 |     2 |     3 ||     9
       Potion            |       |       |     2 ||     2
Armor: Leather armour    |     2 |     7 |    69 ||    78
Dodge: Dodged            |    11 |    14 |   179 ||   204

Table legend: (Time is in decaauts)
 A = Elapsed time spent in this place.
 B = Non-inter-level travel time spent in this place.
 C = Inter-level travel time spent in this place.
 D = Time resting spent in this place.
 E = Time spent auto-exploring this place.
 F = Levels seen in this place.
 G = Mean time per level.
                   A        B        C        D        E       F      G
               +--------+--------+--------+--------+--------+-----+--------+
         Total |   5871 |   5709 |    162 |    200 |   4446 |   8 |  733.9 |
       Dungeon |   5667 |   5505 |    162 |    200 |   4294 |   7 |  809.6 |
         Sewer |    204 |    204 |      0 |      0 |    151 |   1 |  204.0 |
               +--------+--------+--------+--------+--------+-----+--------+

Top non-repeatable levels by time:
     D:6: 1093 daAuts
     D:4: 865 daAuts
     D:2: 830 daAuts
     D:1: 789 daAuts
     D:5: 768 daAuts
     D:7: 672 daAuts
     D:3: 647 daAuts
   Sewer: 204 daAuts
